 Dungeon Crawl Stone Soup version 0.19-a0-1634-g2447231 (webtiles) character file.

1367 Elitist the Skirmisher (level 8, -6/68 HPs)
             Began as a Human Artificer on Sept 26, 2016.
             Was an Initiate of Trog.
             Mangled by an ogre
             ... wielding a +0 giant spiked club
              (22 damage)
             ... on level 5 of the Dungeon.
             The game lasted 00:13:26 (5681 turns).

Elitist the Skirmisher (Human Artificer)            Turns: 5681, Time: 00:13:26

Health: -6/68      AC: 12    Str: 16    XL:     8   Next: 97%
Magic:  19/19      EV:  7    Int: 11    God:    Trog [......]
Gold:   224        SH:  0    Dex: 13    Spells: 0 memorised, 7 levels left

rFire  + . .     SeeInvis +     z - +0 quarterstaff
rCold  . . .     Gourm    .     p - +0 chain mail
rNeg   . . .     Faith    .     (shield currently unavailable)
rPois  .         Spirit   .     (no helmet)
rElec  .         Dismiss  .     (no cloak)
rCorr  .         Reflect  .     r - +0 pair of gloves
MR     .....     Harm     .     a - +0 pair of boots
Stlth  ..........               (no amulet)
                                s - ring of see invisible
                                B - ring of magical power

@: no status effects
A: hooves 1, fire resistance 1, mutation resistance 1
a: Burn Spellbooks, Renounce Religion


You were on level 5 of the Dungeon.
You worshipped Trog.
Trog was noncommittal.
You were very hungry.

You visited 1 branch of the dungeon, and saw 5 of its levels.

You collected 224 gold pieces.

Inventory:

Hand Weapons
 z - a +0 quarterstaff (weapon)
Missiles
 i - a throwing net (quivered)
 q - 29 arrows
Armour
 a - a +0 pair of boots (worn)
 h - a +2 robe of positive energy
 p - a +0 chain mail (worn)
 r - a +0 pair of gloves (worn)
 v - a +1 pair of gloves
Jewellery
 s - a ring of see invisible (right hand)
 B - a ring of magical power (left hand)
Wands
 c - a wand of flame (15/48)
 d - a wand of enslavement (15/24)
 e - a wand of random effects (15/48)
 A - a wand of flame (13/48)
Scrolls
 g - 2 scrolls of magic mapping {unknown}
 j - a scroll of remove curse {unknown}
 l - 7 scrolls of identify {unknown}
 n - a scroll of fog {unknown}
 u - a scroll of teleportation {unknown}
 w - a scroll of enchant armour {unknown}
 y - 2 scrolls of enchant weapon {unknown}
Potions
 k - 2 potions of heal wounds
 m - 2 potions of ambrosia {unknown}
 x - a potion of lignification {unknown}
 C - a potion of cure mutation {unknown}
 D - a potion of agility {unknown}
Comestibles
 f - 3 bread rations
 o - 2 beef jerkies
 t - 3 meat rations


   Skills:
 * Level 7.7 Fighting
   Level 1.0 Short Blades
   Level 0.4(2.9) Polearms
 + Level 4.6(4.7) Staves
 + Level 4.4 Armour
 - Level 2.0 Dodging
 - Level 1.0 Stealth
 - Level 3.0 Evocations


You had 7 spell levels left.
You didn't know any spells.

Dungeon Overview and Level Annotations

Branches:
Dungeon (5/15)
 Temple: D:4-7

Altars:
Nemelex Xobeh
Qazlal
Ru
Trog
The Shining One

Shops:
D:4 }


Innate Abilities, Weirdness & Mutations

You have large cloven feet.
Your flesh is heat resistant. (rF+)
You are somewhat resistant to further mutation.


Message History

You closely miss the ogre.
The ogre is moderately wounded.
The ogre hits you with a giant spiked club!!
You sock the ogre!
The ogre is severely wounded.
The ogre hits you with a giant spiked club!
* * * LOW HITPOINT WARNING * * *
There is a stone staircase leading up here.
You hit the ogre.
The ogre is almost dead.
The ogre completely misses you.
You hit the ogre but do no damage.
The ogre is almost dead.
The iguana bites you.
* * * LOW HITPOINT WARNING * * *
Unknown command.
Your chain mail prevents you from hitting the ogre.
The ogre is almost dead.
The ogre hits you with a giant spiked club!!
You die...

#..## #... #..# #..# ##
#..# .. ##>.### .#
#.....# %#
###).##.#######.#
#....##.#@Ol....#
#.#..<....#..#.##
#.#####.#....#..## #.#
#.##.>.##.≈######## #.#
#.##..###≈O.......≈ #.#
#O##..##.l≈.≈.≈.≈._
#.#####.##..##.≈........≈
#.........).....≈########
#######.##..######


You could see an ogre and an iguana.

Vanquished Creatures
  Pikel (D:3)
  Sigmund (D:5)
  An ice beast (D:5)
  A phantom (D:4)
  Blork the orc (D:4)
  The ghost of
  100101001 the Sneak, an amateur FeCj of Ashenzari (D:4)
  4 wights (D:5)
  The ghost of Jolamar the Skirmisher, a weakling DsFi (D:5)
  3 iguanas
  Natasha (twice) (D:4)
  A worker ant (D:5)
  A hound zombie (D:5)
  2 adders (D:3)
  A gnoll (D:1)
  A shadow imp (D:5)
  An ooze (D:1)
  An adder zombie (D:5)
  2 worms (D:2)
  4 leopard geckos
  3 orcs (D:5)
  2 giant cockroaches
  7 goblins
  9 hobgoblins
  2 jackals (D:1)
  A quokka (D:4)
  6 bats
  4 frilled lizards
  9 kobolds
  7 rats
80 creatures vanquished.

Vanquished Creatures (others)
  2 slaves (D:4)
  A hound (D:4)
  Natasha (D:4)
  A giant cockroach (D:4)
  A frilled lizard (D:4)
6 creatures vanquished.

Grand Total: 86 creatures vanquished

Notes
Turn   | Place    | Note
-------+----------+-------------------------------------------
     0 | D:1      | Elitist the Human Artificer began the quest for the Orb.
     0 | D:1      | Reached XP level 1. HP: 15/15 MP: 3/3
   384 | D:1      | Reached skill level 2 in Fighting
   384 | D:1      | Reached XP level 2. HP: 22/22 MP: 4/4
   582 | D:1      | Reached XP level 3. HP: 19/28 MP: 5/5
   893 | D:1      | Reached skill level 3 in Fighting
  1870 | D:2      | Reached XP level 4. HP: 35/35 MP: 6/6
  1935 | D:2      | Found a stormy altar of Qazlal.
  2403 | D:3      | Found a bloodstained altar of Trog.
  2540 | D:3      | Became a worshipper of Trog the Wrathful
  2674 | D:3      | Reached skill level 1 in Armour
  3271 | D:4      | Noticed Blork the orc
  3358 | D:4      | Found Yxtek's Gadget Boutique.
  3413 | D:4      | Noticed a slave
  3414 | D:4      | Noticed Pikel
  3415 | D:4      | Noticed a slave
  3417 | D:4      | Noticed a slave
  3418 | D:4      | Noticed a slave
  3450 | D:3      | Gained mutation: Your flesh is heat resistant. (rF+) [potion of beneficial mutation]
  3473 | D:3      | Killed Pikel
  3473 | D:3      | Reached skill level 5 in Fighting
  3473 | D:3      | Reached XP level 5. HP: 33/46 MP: 7/7
  3473 | D:3      | Reached XP level 6. HP: 37/52 MP: 8/8
  3473 | D:3      | Reached XP level 7. HP: 41/57 MP: 9/9
  3570 | D:4      | Killed Blork the orc
  3570 | D:4      | Reached skill level 6 in Fighting
  3595 | D:4      | Noticed Natasha
  3609 | D:4      | Killed Natasha
  3788 | D:4      | Reached XP level 8. HP: 57/64 MP: 10/10
  3827 | D:4      | Noticed Natasha
  3835 | D:4      | Killed Natasha
  4018 | D:4      | Killed Natasha
  4085 | D:4      | Noticed 100101001's ghost (amateur FeCj)
  4098 | D:4      | Killed 100101001's ghost
  4405 | D:5      | Entered Level 5 of the Dungeon
  4450 | D:5      | Noticed Jolamar's ghost (weakling DsFi)
  4474 | D:5      | Killed Jolamar's ghost
  4636 | D:5      | Noticed Sigmund
  4654 | D:5      | Gained mutation: You have large cloven feet. [potion of mutation]
  4654 | D:5      | Gained mutation: You are somewhat resistant to further mutation. [potion of mutation]
  4670 | D:5      | Killed Sigmund
  4670 | D:5      | Reached skill level 7 in Fighting
  5068 | D:5      | Reached * piety under Trog
  5224 | D:5      | Found a glowing golden altar of the Shining One.
  5389 | D:5      | Found a sparkling altar of Nemelex Xobeh.
  5439 | D:5      | Found a sacrificial altar of Ru.
  5681 | D:5      | Mangled by an ogre

Vault maps used:
D:1:      minmay_arrival_hallway, hex_intersection, minmay_domino_2
D:2:      lemuel_coloured_pillars_altar, columned_hall_lemuel
D:3:      lightli_temple_of_fire, minmay_misc_feat_columns,
          minmay_misc_feat_diagonals
D:4:      minmay_diamond_boxcup, serial_shops, shop, uniq_blork_the_orc,
          uniq_natasha, uniq_pikel
D:5:      nicolae_tso_swordbearing_angel, nicolae_ru_path_of_blood,
          nemelex_xobeh_ov_fountains_minmay, first_bread, uniq_sigmund

Skill      XL: |  1  2  3  4  5  6  7  8 |
---------------+-------------------------+-----
Fighting       | 2 3 5 6 7 |  7.7
Armour         | 3 4 |  4.4
Staves         | 3 4 |  4.6
Short Blades   | |  1.0
Polearms       | |  0.4
Dodging        | |  2.0
Stealth        | |  1.0
Evocations     | |  3.0

Action                   |  1- 3 |  4- 6 |  7- 9 || total
-------------------------+-------+-------+-------++-------
Melee: Short sword       |   111 |       |       ||   111
       Halberd           |    13 |    22 |       ||    35
       Quarterstaff      |       |    79 |   169 ||   248
       Flail             |       |    12 |       ||    12
Invok: Berserk           |       |       |     1 ||     1
 Abil: Desperate Haste   |       |       |     1 ||     1
  Use: Potion            |       |     3 |     3 ||     6
  Eat: Chunk             |     3 |     5 |     6 ||    14
       Fruit             |       |       |     3 ||     3
Armor: Scale mail        |    12 |       |       ||    12
       Chain mail        |    49 |    83 |    82 ||   214
Dodge: Dodged            |    43 |    43 |    53 ||   139
